 Dungeon Crawl Stone Soup version 0.31-a0-532-g28f74ba3e5 (webtiles) character file.

Game seed: 7088062860809793366

1493 mandarbmax the Slasher (level 8, 0/68 HPs)
             Began as a Pale Draconian Gladiator on Aug 12, 2023.
             Slain by Menkaure (16 damage)
             ... on level 6 of the Dungeon.
             The game lasted 00:12:52 (5803 turns).

mandarbmax the Slasher (Pale Draconian Gladiator)   Turns: 5803, Time: 00:12:53

Health: 0/68       AC:  7    Str: 16    XL:     8   Next: 51%
Magic:  8/8        EV: 13    Int:  9    God:
Gold:   107        SH:  5    Dex: 15    Spells: 7/7 levels left

rFire   . . .        a - +0 long sword
rCold   . . .        p - +0 buckler
rNeg    . . .        (body armour unavailable)
rPois   .            b - +0 hat
rElec   .            (no cloak)
rCorr   +            (no gloves)
SInv    .            s - +0 pair of boots
Will    .....        (no amulet)
Stlth   +            m - ring of resist corrosion
HPRegen 0.31/turn    (no ring)
MPRegen 0.11/turn

%: no passive effects
@: short of breath
A: breathe steam, AC +6, unfitting armour, cold-blooded, steam resistance
a: Breathe Steam


You were on level 6 of the Dungeon.
You visited 1 branch of the dungeon, and saw 6 of its levels.

You collected 310 gold pieces.
You spent 203 gold pieces at shops.

Inventory:

Hand Weapons
 a - a +0 long sword (weapon)
 o - a +1 rapier of freezing
Missiles
 c - a throwing net
 i - 2 boomerangs
Armour
 b - a +0 hat (worn)
 p - a +0 buckler (worn)
 s - a +0 pair of boots (worn)
Jewellery
 m - a ring of resist corrosion (left hand)
Scrolls
 d - a scroll of identify
 e - a scroll of fear
 f - 2 scrolls of fog
 g - 5 scrolls of immolation
 h - 3 scrolls of teleportation
 j - 3 scrolls of summoning
 n - 4 scrolls of blinking
 t - a scroll of revelation
 w - a scroll of torment
Potions
 l - a potion of berserk rage {unknown}
 u - a potion of lignification


   Skills:
 + Level 5.2 Fighting
 * Level 7.0 Long Blades
 + Level 4.3 Throwing
 + Level 4.7 Dodging
 + Level 3.7 Shields


You had 7 spell levels left.
You didn't know any spells.
Your spell library was empty.

Dungeon Overview and Level Annotations

Branches:
Dungeon (6/15)
 Temple: D:4-7

Altars:
Sif Muna
Uskayaw
Vehumet
Wu Jian

Shops:
D:3 ?((   D:5 [

Annotations:
D:3 1 runed translucent door, Crazy Yiuf
D:6 Menkaure


Innate Abilities, Weirdness & Mutations

You can breathe blasts of scalding, opaque steam.
Your pale cyan-grey scales are hard. (AC +6)
You cannot fit into any form of body armour.
You are cold-blooded and may be slowed by cold attacks.
You are immune to the effects of steam.


Message History

You kill the gnoll!
The javelin pierces through the gnoll!
The gnoll is almost dead.
The javelin pierces through Menkaure.
Menkaure is moderately damaged.
Menkaure calls on the powers of darkness!
The gnoll convulses!
Your body is wracked with pain!
You block the gnoll's attack.
Okay, then.
You barely miss the gnoll.
The gnoll is heavily wounded.
The gnoll hits you from afar with a +0 spear.
The gnoll barely misses you.
You hit the gnoll but do no damage.
The gnoll is heavily wounded.
The gnoll hits you with a +0 whip. The gnoll barely misses you.
You barely miss the gnoll. You tail-slap the gnoll.
The gnoll is almost dead.
The gnoll closely misses you. The gnoll misses you.
You hit the gnoll but do no damage.
The gnoll is almost dead.
The gnoll misses you.
The gnoll hits you from afar with a +0 spear.
You slash the gnoll!
You kill the gnoll!
Menkaure casts a spell at you. Pain shoots through your body!
* * * LOW HITPOINT WARNING * * *
The gnoll barely misses you.
Your Long Blades skill increases to level 7!
Aiming: Throw Flame
Press: ? - help, Shift-Dir - straight line, f - gnoll, p - Menkaure
Aim: a gnoll, wielding a +0 spear (almost dead, 72% to hit)
The puff of flame hits Menkaure!
Menkaure is burned terribly!
Menkaure is severely damaged.
The now-empty wand crumbles to dust.
The gnoll hits you from afar with a +0 spear.
* * * LOW HITPOINT WARNING * * *
Menkaure hits you!
You die...

## ### .####.## ###
.....#.### ###@#
.........## ##.M##
..........###..g#
...........#.†..# #
................##..#
....................#
......................#
............((........#
.......................


You could see Menkaure (fast) and a gnoll.

Vanquished Creatures
  Edmund (D:5)
  A sky beast (D:6)
  A black bear (D:6)
  A gnoll sergeant (D:6)
  5 scorpions
  2 hounds (D:6)
  4 jellies
  An iguana (D:4)
  3 orc priests (D:5)
  A gnoll bouda (D:5)
  2 sleepcaps
  Natasha (thrice) (D:3)
  5 orc wizards
  10 gnolls
  7 adders
  An ufetubus (D:5)
  A dart slug (D:5)
  12 orcs
  4 bats
  4 endoplasms
  5 giant cockroaches
  9 goblins
  3 hobgoblins
  3 jackals (D:2)
  7 kobolds
  7 quokkas
  5 ball pythons
  3 frilled lizards
  4 rats
115 creatures vanquished.

Notes
Turn   | Place    | Note
-------+----------+-------------------------------------------
     0 | D:1      | mandarbmax the Draconian Gladiator began the quest for the
                  | Orb.
     0 | D:1      | Reached XP level 1. HP: 17/17 MP: 1/1
   243 | D:1      | Reached XP level 2. HP: 25/25 MP: 2/2
   746 | D:2      | Reached XP level 3. HP: 19/30 MP: 3/3
  1121 | D:3      | Noticed a scorpion
  1128 | D:3      | Killed a scorpion
  1129 | D:3      | Reached skill level 4 in Long Blades
  1129 | D:3      | Reached XP level 4. HP: 36/37 MP: 4/4
  1270 | D:3      | Found an ornate altar of the Wu Jian Council.
  1358 | D:3      | Found Kaibosh's Magic Scroll Shop.
  1368 | D:3      | Bought a scroll of revelation for 105 gold pieces
  1377 | D:3      | Noticed Natasha
  1392 | D:3      | HP: 1/38 [cerulean imp/+2 spear[Natasha] (3)]
  1393 | D:3      | Killed Natasha
  1394 | D:3      | Reached skill level 1 in Shields
  1394 | D:3      | Reached XP level 5. HP: 1/45 MP: 5/5
  1777 | D:3      | Found a runed translucent door.
  1778 | D:3      | Noticed Crazy Yiuf
  2142 | D:3      | Found a shimmering blue altar of Sif Muna.
  2224 | D:3      | Found Afogout's Antique Weapon Shoppe.
  2392 | D:3      | Found Heuhoviw's Antique Weapon Emporium.
  2423 | D:3      | Found a radiant altar of Vehumet.
  2638 | D:3      | Noticed Natasha
  2650 | D:3      | Killed Natasha
  3001 | D:3      | Bought a scroll of teleportation for 42 gold pieces
  3203 | D:4      | Found a hide-covered altar of Uskayaw.
  3203 | D:4      | Noticed a +0 hand axe
  3203 | D:4      | Noticed a +0 hand axe
  3212 | D:4      | Reached XP level 6. HP: 44/51 MP: 6/6
  3631 | D:4      | Reached skill level 5 in Long Blades
  3966 | D:3      | Bought a scroll of identify for 28 gold pieces
  3972 | D:3      | Bought a scroll of identify for 28 gold pieces
  3980 | D:3      | Noticed Natasha
  3985 | D:3      | Killed Natasha
  4063 | D:5      | Entered Level 5 of the Dungeon
  4347 | D:5      | Your scales start taking on a pale cyan-grey colour.
  4347 | D:5      | Reached XP level 7. HP: 27/59 MP: 7/7
  4347 | D:5      | Gained mutation: You are immune to the effects of steam.
                  | [Pale Draconian growth]
  4769 | D:5      | Found Veisah's Armour Shop.
  4880 | D:5      | Noticed Edmund
  4918 | D:5      | HP: 2/60 [Edmund/+6 flail of protection (7)]
  4919 | D:5      | Killed Edmund
  4920 | D:5      | Reached skill level 6 in Long Blades
  5218 | D:5      | Reached XP level 8. HP: 67/67 MP: 8/8
  5746 | D:6      | Reached skill level 5 in Fighting
  5786 | D:6      | Noticed Menkaure
  5803 | D:6      | Reached skill level 7 in Long Blades
  5803 | D:6      | Slain by Menkaure

Illustrated notes

Levels and vault maps discovered:
D:1:      heliophobic_arrival_enchanted_forest, layout_basic
D:2:      layout_rooms
D:3:      layout_basic, nicolae_wu_jian_wuxing_cycle, lemuel_blue_sif_altar,
          vehumet_altar_wand_db, serial_shops, nicolae_lakefront_shop, shop,
          nicolae_shop_competitors_out_of_business, uniq_crazy_yiuf_cottage,
          uniq_natasha
D:4:      layout_loops_cross, dancing_weapons_uskayaw
D:5:      layout_loops_cross, minivault_25, chequers_serial_rivers_small_a,
          nicolae_stop_n_shop_2, hangedman_abyss_or_decor_passed,
          nrook_mini_backslash, minmay_strange_pillars, hex_medium,
          kb_lookout_dungeons_type, uniq_edmund
D:6:      layout_layer_cave, nicolae_overflow_squiral,
          minmay_temple_entry_gardened_gates, minmay_diced_spiral, uniq_menkaure

Skill      XL: |  1  2  3  4  5  6  7  8 |
---------------+-------------------------+-----
Throwing       | 2 3 4 |  4.3
Dodging        | 3 4 |  4.7
Long Blades    | 4 5 6 7 |  7.0
Fighting       | 3 4 5 |  5.2
Shields        | 1 2 3 |  3.7

Action                     |  1- 3 |  4- 6 |  7- 9 || total
---------------------------+-------+-------+-------++-------
  Melee: Long sword        |    74 |    55 |    31 ||   160
         Tailslap          |     5 |    21 |    15 ||    41
         Rapier            |       |   137 |    52 ||   189
  Throw: Javelin           |     3 |     7 |    10 ||    20
         Dart              |       |    14 |    11 ||    25
         Boomerang         |       |       |    11 ||    11
         Throwing net      |       |       |     2 ||     2
Ability: Breathe Steam     |       |       |     4 ||     4
  Evoke: Wand              |       |     4 |    22 ||    26
    Use: Potion            |       |     3 |     3 ||     6
         Scroll            |       |     8 |     3 ||    11
 Armour: Skin              |    30 |    54 |    31 ||   115
  Dodge: Dodged            |    54 |   127 |    52 ||   233
  Block: Buckler           |       |    48 |    26 ||    74

Table legend: (Time is in decaauts)
 A = Elapsed time spent in this place.
 B = Non-inter-level travel time spent in this place.
 C = Inter-level travel time spent in this place.
 D = Time resting spent in this place.
 E = Time spent auto-exploring this place.
 F = Levels seen in this place.
 G = Mean time per level.
                   A        B        C        D        E       F      G
               +--------+--------+--------+--------+--------+-----+--------+
         Total |   5924 |   5579 |    345 |   1053 |   3595 |   6 |  987.3 |
       Dungeon |   5924 |   5579 |    345 |   1053 |   3595 |   6 |  987.3 |
               +--------+--------+--------+--------+--------+-----+--------+

Top non-repeatable levels by time:
     D:3: 1942 daAuts
     D:5: 1159 daAuts
     D:4: 1119 daAuts
     D:1: 725 daAuts
     D:2: 549 daAuts
     D:6: 427 daAuts
